 Dungeon Crawl Stone Soup version 0.16-a0-3493-gd9d85f0 (webtiles) character file.

12370 4tharraofdagon the Fighter (level 11, 8/162 HPs)
             Began as a Naga Wanderer on Jan 4, 2015.
             Was a Believer of Qazlal.
             Quit the game on level 11 of the Dungeon.
             The game lasted 00:58:11 (7152 turns).

4tharraofdagon the Fighter (Naga Wanderer)          Turns: 7152, Time: 00:58:11

Health: 8/162      AC: 14    Str: 20    XL:     11   Next: 92%
Magic:  2/21       EV: 20    Int: 16    God:    Qazlal [**....]
Gold:   1207       SH:  3    Dex: 15    Spells: 1 memorised, 14 levels left

rFire  . . .     SeeInvis +     l - +4 bardiche
rCold  . . .     Clarity  .     R - +2 troll leather armour
rNeg   . . .     SustAb   .     (no shield)
rPois  +         Gourm    .     (no helmet)
rElec  .         Spirit   .     P - +0 cloak
rCorr  .         Warding  .     o - +1 pair of gloves
rMut   .         Stasis   .     (no barding)
MR     +....                    (no amulet)
Stlth  ..........               B - +3 ring of protection
                                a - +4 ring of evasion

@: agile, berserking, quick, somewhat resistant to hostile enchantments,
extremely unstealthy
A: spit poison, see invisible, deformed body, poison resistance, slowness 2, AC
+3
a: Spit Poison, Upheaval, Renounce Religion


You were on level 11 of the Dungeon.
You worshipped Qazlal.
Qazlal was pleased with you.
You were not hungry.

You visited 2 branches of the dungeon, and saw 12 of its levels.
You also visited: Ossuary and Bailey.

You collected 1375 gold pieces.
You spent 168 gold pieces at shops.

Inventory:

Hand weapons
 b - a +0 hand crossbow
 d - a +2 short sword of electrocution
 l - a +4 bardiche (weapon)
 x - a +2 trident of protection
 E - a +0 blowgun
 F - a +3 arbalest
 I - a +2 long sword
Missiles
 h - 62 bolts
 T - 8 poisoned bolts
Armour
 i - a +2 shield
 o - a +1 pair of gloves (worn)
 P - a +0 cloak (worn)
 R - a +2 troll leather armour (worn)
Jewellery
 a - a +4 ring of evasion (left hand)
 p - an uncursed ring of protection from cold
 w - an uncursed ring of stealth
 A - the ring of Twilight {-Tele rPois rN+ Dex+1}
   (You found it on level 10 of the Dungeon)

   [ring of poison resistance]

   It affects your dexterity (+1).
   It protects you from poison.
   It protects you from negative energy.
   It prevents most forms of teleportation.
 B - a +3 ring of protection (right hand)
 C - an uncursed ring of teleportation
Magical devices
 y - a wand of lightning (0)
 D - a wand of cold (0)
 G - a wand of magic darts (1)
 N - a wand of disintegration (6)
Scrolls
 n - 2 scrolls of teleportation
 q - a scroll of blinking
 L - 2 scrolls of immolation
 M - 3 scrolls of remove curse
 O - a scroll of enchant weapon {unknown}
 V - a scroll of identify
Potions
 c - 4 potions of curing
 e - a potion of flight
 k - 3 potions of magic {unknown}
 m - 3 potions of heal wounds {unknown}
 r - 3 potions of poison
 s - 3 potions of brilliance
 t - 3 potions of restore abilities
 u - 5 potions of might
 v - 3 potions of resistance
 z - a potion of berserk rage
 J - a potion of beneficial mutation {unknown}
 K - a potion of mutation {unknown}
Books
 H - a book of Battle

   Spells                             Type                      Level
   a - Infusion                       Charms                       1
   b - Shroud of Golubria             Charms/Translocation         2
   c - Song of Slaying                Charms                       2
   d - Spectral Weapon                Hexes/Charms                 3
   e - Regeneration                   Charms/Necromancy            3
 Q - the Handbook of the Oath
   (You found it on level 10 of the Dungeon)

   Spells                             Type                      Level
   a - Slow                           Hexes                        2
   b - Tukima's Dance                 Hexes                        3
   c - Fulminant Prism                Conjuration/Hexes            4
   d - Darkness                       Hexes                        7
 U - a book of Unlife

   Spells                             Type                      Level
   a - Recall                         Summoning/Translocation      3
   b - Animate Dead                   Necromancy                   4
   c - Control Undead                 Necromancy                   4
   d - Cigotuvi's Embrace             Necromancy                   5
   e - Death Channel                  Necromancy                   6
   f - Simulacrum                     Ice/Necromancy               6
Comestibles
 f - 7 bread rations
 g - 6 meat rations
 S - 11 royal jellies


   Skills:
 - Level 10.1 Fighting
   Level 1.0 Maces & Flails
 * Level 8.4 Polearms
 - Level 1.7 Crossbows
 - Level 1.0 Throwing
 + Level 4.9 Armour
 + Level 3.4 Dodging
 - Level 6.2 Shields
 + Level 3.8 Spellcasting
 + Level 3.9 Hexes
 + Level 4.5 Charms
 + Level 5.4 Invocations


You had 14 spell levels left.
You knew the following spells:

 Your Spells              Type           Power        Failure   Level  Hunger
a - Spectral Weapon       Hex/Chrm       ###.....     12%         3    ###....


Dungeon Overview and Level Annotations

Branches:
Dungeon (11/15)            Temple (1/1) D:5            Lair (0/8) D:8
    Orc: D:9-12

Altars:
Ashenzari
Cheibriados
Dithmenos
Elyvilon
Fedhas
Gozag
Kikubaaqudgha
Makhleb
Nemelex Xobeh
Okawaru
Qazlal
Ru
Sif Muna
Trog
Vehumet
Xom
Yredelemnul
Zin
The Shining One

Shops:
D:5 !

Annotations:
D:4 Eustachio
D:10 Frontstab's ghost, powerful OgTm


Innate Abilities, Weirdness & Mutations

You cannot wear boots.
You can spit poison.
Your serpentine skin is tough (AC +3).
You have supernaturally acute eyesight.
Armour fits poorly on your strangely shaped body.
Your system is resistant to poisons.
You cover ground very slowly.


Message History

Unknown command.
You barely miss the yak.
The yak is moderately wounded.
The yak gores you!
* * * LOW HITPOINT WARNING * * *
The yak closely misses you. The yak gores you.
* * * LOW HITPOINT WARNING * * *
The yak misses you.
You slice the yak!!
You kill the yak!
Qazlal accepts your kill. The yak misses you. The yak gores you!
* * * LOW HITPOINT WARNING * * *
Unknown command.
You barely miss the yak. The yak barely misses you.
The yak completely misses you. The yak gores you!
* * * LOW HITPOINT WARNING * * *
Unknown command.
Unknown command.
Are you sure you want to abandon this character and quit the game? (Confirm with "yes".)

... .... #...Y.
....Y..#
#..Y.....
..%.....
#####........
#@YYY†......##
#YYY.#.......##
####..........#
#..........# .
##......[..###.
#.........#...
#.............
###............#
#...........(###


You could see 6 yaks.

Vanquished Creatures
  An orc knight (Bailey)
  A manticore (D:9)
  2 trolls (D:10)
  Grinder (D:6)
  A two-headed ogre (D:8)
  A basilisk (D:8)
  A deep elf mage (D:11)
  17 yaks
  A wyvern (D:5)
  2 hippogriffs
  A mottled dragon (D:9)
  13 orc warriors
  4 porcupines (D:8)
  A water moccasin (D:6)
  4 phantoms
  An ice beast (D:9)
  An eye of draining (D:9)
  2 sky beasts
  7 centaurs
  An elf zombie (Ossuary)
  4 ogres
  5 big kobolds
  A necrophage (D:9)
  Sigmund (D:4)
  4 giant frogs
  3 crocodiles (D:8)
  3 scorpions
  15 killer bees
  11 wights
  3 crimson imps
  A quasit (D:7)
  4 hounds
  3 centaur zombies
  2 giant frog skeletons
  6 jellies
  4 orc priests
  7 orc wizards
  3 iguanas
  7 worker ants
  12 sheep
  Ijyb (D:5)
  A big kobold zombie (Ossuary)
  A hound zombie (D:5)
  2 mummies (Ossuary)
  A worker ant zombie (D:10)
  A gnoll (D:5)
  2 river rats (D:8)
  A shadow imp (D:8)
  10 adders
  A worm (D:4)
  2 adder zombies
  2 adder skeletons
  9 giant geckos
  9 oozes
  33 orcs
  21 bats
  A bat skeleton (D:8)
  A bat zombie (D:7)
  8 giant cockroaches
  9 goblins
  15 hobgoblins
  35 kobolds
  4 quokkas
  A ball python (D:3)
  A giant spore (D:7)
  9 hobgoblin zombies (Ossuary)
  A jackal skeleton (D:5)
  2 jackal zombies
  10 kobold zombies (Ossuary)
  7 orc zombies (Ossuary)
  A quokka skeleton (D:9)
  8 rats
  3 rat zombies (Ossuary)
  4 ballistomycetes
379 creatures vanquished.

Vanquished Creatures (others)
  2 wights (D:11)
  A giant spore (D:11)
  A ballistomycete (D:11)
  A fungus (D:5)
  A plant (D:8)
6 creatures vanquished.

Grand Total: 385 creatures vanquished

Notes
Turn   | Place    | Note
--------------------------------------------------------------
     0 | D:1      | 4tharraofdagon, the Naga Wanderer, began the quest for the Orb.
     0 | D:1      | 4tharraofdagon set off with: a +2 scale mail, a +0 hand crossbow, a potion of lignification, 18 bolts, a bread ration
     0 | D:1      | Reached XP level 1. HP: 18/18 MP: 1/1
    85 | D:1      | Reached XP level 2. HP: 21/26 MP: 2/2
   293 | D:2      | Reached XP level 3. HP: 11/33 MP: 3/3
   389 | D:2      | Found a bloodstained altar of Trog.
   723 | D:2      | Found a white marble altar of Elyvilon.
   924 | D:3      | Reached XP level 4. HP: 42/42 MP: 4/4
  1275 | D:4      | Reached skill level 4 in Fighting
  1275 | D:4      | Reached XP level 5. HP: 47/50 MP: 5/5
  1332 | D:4      | Found an ancient bone altar of Kikubaaqudgha.
  1498 | D:4      | Noticed Sigmund
  1512 | D:4      | Killed Sigmund
  1512 | D:4      | Reached skill level 5 in Fighting
  1512 | D:4      | Reached XP level 6. HP: 46/61 MP: 6/6
  1707 | D:4      | Noticed Eustachio
  1726 | D:5      | Entered Level 5 of the Dungeon
  1806 | D:5      | Reached skill level 6 in Fighting
  1806 | D:5      | Reached XP level 7. HP: 55/69 MP: 7/7
  1824 | D:5      | Found Phynemig's Distillery.
  1838 | D:5      | Bought a potion of agility for 48 gold pieces
  1838 | D:5      | Bought 2 potions of curing for 72 gold pieces
  1948 | D:5      | Noticed a wyvern
  1949 | D:5      | Killed a wyvern
  1949 | D:5      | Reached skill level 7 in Fighting
  1949 | D:5      | Reached XP level 8. HP: 35/80 MP: 8/8
  1959 | D:5      | Found a sand-covered staircase.
  1978 | Ossuary  | Entered an ossuary
  2237 | Ossuary  | Reached skill level 8 in Fighting
  2405 | D:5      | Bought a potion of curing for 36 gold pieces
  2405 | D:5      | Bought a potion of poison for 12 gold pieces
  2414 | D:5      | Found a staircase to the Ecumenical Temple.
  2422 | Temple   | Entered the Ecumenical Temple
  2445 | Temple   | Became a worshipper of Qazlal Stormbringer
  2544 | D:5      | Noticed Ijyb
  2558 | D:5      | Killed Ijyb
  2604 | D:5      | Found a blossoming altar of Fedhas.
  2626 | D:5      | Found a snail-covered altar of Cheibriados.
  2725 | D:6      | Noticed Grinder
  2757 | D:6      | Killed Grinder
  2757 | D:6      | Reached skill level 9 in Fighting
  2757 | D:6      | Reached skill level 5 in Shields
  2772 | D:6      | Acquired Qazlal's first power
  2772 | D:6      | Reached XP level 9. HP: 61/91 MP: 9/9
  3010 | D:6      | Found a sparkling altar of Nemelex Xobeh.
  3216 | D:7      | Reached skill level 1 in Polearms
  3290 | D:7      | Got an ancient leather armour
  3291 | D:7      | Identified the cursed -3 leather armour of the Game of Life {rElec rN+ Stlth++} (You found it on level 7 of the Dungeon)
  3373 | D:7      | Reached skill level 10 in Fighting
  3706 | D:7      | Found a glowing golden altar of the Shining One.
  3860 | D:8      | Reached skill level 1 in Invocations
  3866 | D:8      | Acquired Qazlal's second power
  3905 | D:8      | Reached XP level 10. HP: 47/102 MP: 7/13
  3972 | D:8      | Reached skill level 5 in Polearms
  3979 | D:8      | Reached skill level 1 in Dodging
  4009 | D:8      | Learned a level 3 spell: Spectral Weapon
  4010 | D:8      | Found a staircase to the Lair.
  4198 | D:8      | Reached skill level 1 in Hexes
  4273 | D:8      | Reached skill level 1 in Spellcasting
  4372 | D:8      | Reached skill level 1 in Charms
  4650 | D:9      | Found a flagged portal.
  4652 | D:9      | Noticed a manticore
  4657 | Bailey   | Entered a bailey
  4797 | Bailey   | Noticed an orc knight
  4814 | Bailey   | Killed an orc knight
  5485 | D:9      | Killed a manticore
  5485 | D:9      | Reached XP level 11. HP: 46/108 MP: 18/18
  5536 | D:9      | Found a shattered altar of Ashenzari.
  6051 | D:10     | Entered Level 10 of the Dungeon
  6259 | D:10     | Identified the Handbook of the Oath
  6344 | D:10     | Found a sacrificial altar of Ru.
  6356 | D:10     | Got a smoking tin ring
  6383 | D:10     | Noticed Frontstab's ghost (powerful OgTm)
  6388 | D:10     | http://crawl.lantea.net/crawl/morgue/Frontstab/morgue-Frontstab-20150104-123816.txt
  6455 | D:10     | Identified the ring of Twilight {-Tele rPois rN+ Dex+1} (You found it on level 10 of the Dungeon)
  6962 | D:11     | Reached skill level 5 in Invocations
  6979 | D:11     | Found a stormy altar of Qazlal.
  6997 | D:11     | Acquired Qazlal's third power
  7151 | D:11     | HP: 8/162 [yak (11)]
  7152 | D:11     | Quit the game

Action                   |  1- 3 |  4- 6 |  7- 9 | 10-12 || total
-------------------------+-------+-------+-------+-------++-------
Melee: Unarmed           |    97 |    80 |       |       ||   177
       Short sword       |       |    77 |   320 |       ||   397
       Trident           |       |       |   226 |   551 ||   777
       Bardiche          |       |       |       |   144 ||   144
 Fire: Hand crossbow     |    44 |    18 |       |    15 ||    77
       Arbalest          |       |       |       |    13 ||    13
Invok: Upheaval          |       |       |     2 |    18 ||    20
 Abil: Spit Poison       |    22 |    26 |    29 |    72 ||   149
       Evoke Teleportati |       |     6 |       |     3 ||     9
Evoke: Wand              |       |       |     5 |    10 ||    15
  Use: Potion            |     2 |       |       |     7 ||     9
       Scroll            |       |     8 |     9 |     9 ||    26
  Eat: Chunk             |     2 |     6 |    10 |    12 ||    30
       Fruit             |       |       |       |     4 ||     4
       Beef jerky        |       |       |       |     4 ||     4

Vault maps used:
D:1:      erik_arrival_cave_to_civilisation
D:2:      lightli_temple_of_fire, overflow_temple_1_default, first_bread
D:3:      supply_closet_lemuel, hangedman_abyss_or_decor_stabs
D:4:      kennysheep_mini_moat, minmay_box_of_dots, uniq_sigmund, uniq_eustachio
D:5:      cheibriados_altar_1, temple_statues, serial_shops, shop_fountains,
          nicolae_ossuary_entry_monument, fedhas_altar_3, uniq_iyjb
D:6:      nemelex_altar_shiori, uniq_grinder
D:7:      nicolae_tso_carved_into_rock
D:8:      minmay_lair_entry_grove, hangedman_little_slice_of_home,
          minmay_misc_feat_diagonals, eino_small_chamber_without_monster
D:9:      old_standard_altar, enter_bailey_2
D:10:     basic_altar
D:11:     basic_altar, uniq_josephine
Temple:   circular_temple_12
Ossuary:  ossuary_tomb_1
Bailey:   bailey_polearm_4, bailey
